 Dungeon Crawl Stone Soup version 0.16.2-12-gd0ad4c3 (webtiles) character file.

535091 faibistes the Sorcerer (level 25, -3/150 HPs)
             Began as a Deep Elf Wizard on Dec 28, 2018.
             Was the Champion of Sif Muna.
             Slain by a vampire knight
             ... wielding a +0 war axe
              (11 damage)
             ... on level 5 of the Depths on Dec 29, 2018.
             The game lasted 05:05:33 (101471 turns).

faibistes the Sorcerer (Deep Elf Wizard)          Turns: 101471, Time: 05:05:34

Health: -3/150     AC: 15    Str:  4    XL:     25   Next: 8%
Magic:  4/54       EV: 19    Int: 36    God:    Sif Muna [******]
Gold:   4358       SH:  0    Dex: 16    Spells: 10 memorised, 8 levels left

rFire  + + .     SeeInvis .     (no weapon)
rCold  x x .     Clarity  .     y - +2 robe {Archmagi}
rNeg   . . .     SustAb   .     (no shield)
rPois  .         Gourm    +     O - +2 hat of the Untouchables {+Fly}
rElec  .         Spirit   .     X - +2 cloak
rCorr  .         Warding  .     V - +2 pair of gloves {Dex+3}
rMut   .         Stasis   .     I - +2 pair of boots
MR     ++...                    e - amulet of the gourmand
Stlth  ++........               H - ring of wizardry
                                P - ring of magical power

@: immune to fire clouds, deflect missiles, very resistant to hostile
enchantments, unstealthy
A: no striking features
a: Channel Energy, Forget Spell, Renounce Religion, Evoke Flight
}: 2/15 runes: serpentine, barnacled


You were on level 5 of the Depths.
You worshipped Sif Muna.
Sif Muna was exalted by your worship.
You were full.

You visited 9 branches of the dungeon, and saw 50 of its levels.

You collected 5946 gold pieces.
You spent 1588 gold pieces at shops.

Inventory:

Hand weapons
 B - the +8 dagger of the Wraith {holy, +Inv rElec rC+ MR+ Stlth+}
   (You found it on level 7 of the Dungeon)

   It has been blessed by the Shining One to cause great damage to the undead
   and demons.
   It protects you from cold.
   It insulates you from electricity.
   It affects your resistance to hostile enchantments.
   It lets you turn invisible.
   It makes you more stealthy.
Armour
 y - a +2 robe of the Archmagi (worn)
 I - a +2 pair of boots (worn)
 O - the +2 hat of the Untouchables (worn) {+Fly}
   (You found it on level 9 of the Dungeon)

   It lets you fly.
 V - a +2 pair of gloves of dexterity (worn)
 X - a +2 cloak (worn)
Jewellery
 e - an amulet of the gourmand (around neck)
 g - an uncursed ring of see invisible
 j - an uncursed ring of magical power
 H - a ring of wizardry (right hand)
 K - a cursed amulet of warding
 N - an uncursed ring of positive energy
 P - a ring of magical power (left hand)
 T - an uncursed amulet of regeneration
Magical devices
 c - a wand of fire (0)
 f - a wand of lightning (3)
 h - a wand of fireball (3)
 i - a wand of heal wounds (4)
 k - a wand of enslavement (12)
 l - a wand of fireball (1)
 u - a wand of paralysis (13)
 w - a wand of confusion (30)
 z - a wand of digging (12)
 L - a wand of hasting (7)
Scrolls
 o - 5 scrolls of magic mapping
 r - 6 scrolls of teleportation
 s - 7 scrolls of recharging
 A - 16 scrolls of remove curse
 F - 4 scrolls of immolation
 G - 10 scrolls of identify
 J - 2 scrolls of fear
 S - 3 scrolls of holy word
 U - 6 scrolls of fog
 Z - 2 scrolls of summoning
Potions
 b - 2 potions of magic
 m - 4 potions of brilliance
 p - 2 potions of cure mutation
 q - 10 potions of curing
 t - 4 potions of heal wounds
 v - 4 potions of resistance
 x - 6 potions of cancellation
 C - 6 potions of haste
 D - 5 potions of restore abilities
 R - 2 potions of invisibility
 W - 2 potions of flight
 Y - 3 potions of ambrosia
Books
 a - Iskenderun's Compendium of Arcane Weapons
   (Sif Muna gifted it to you on level 4 of the Depths)

   Spells                             Type                      Level
   a - Static Discharge               Conjuration/Air              3
   b - Iskenderun's Mystic Blast      Conjuration                  4
   c - Freezing Cloud                 Conjuration/Ice/Air          6
   d - Poison Arrow                   Conjuration/Poison           6
Comestibles
 d - 12 bread rations
 n - 20 meat rations
 E - a beef jerky


   Skills:
 + Level 13.0 Fighting
 - Level 2.0 Throwing
 - Level 10.5 Dodging
 - Level 2.4 Stealth
 - Level 0.4 Unarmed Combat
 * Level 23.9 Spellcasting
 * Level 19.2 Conjurations
 - Level 12.0 Charms
   Level 1.1 Summonings
 - Level 11.0 Translocations
   Level 3.0 Transmutations
 * Level 18.9 Fire Magic
 - Level 3.5 Air Magic
 * Level 19.6 Earth Magic
   Level 2.9 Poison Magic
 - Level 10.0 Invocations
 - Level 9.0 Evocations


You had 8 spell levels left.
You knew the following spells:

 Your Spells              Type           Power        Failure   Level  Hunger
a - Lehudib's Crystal Sp  Conj/Erth      ########..   1%          8    None
b - Ring of Flames        Chrm/Fire      ########..   1%          7    None
d - Controlled Blink      Tloc           N/A          2%          7    None
e - Fire Storm            Conj/Fire      #########.   7%          9    ####...
f - Deflect Missiles      Chrm/Air       #######...   1%          6    None
h - Haste                 Chrm           ########     1%          6    None
l - Lee's Rapid Deconstr  Erth           ########..   0%          5    None
v - Bolt of Fire          Conj/Fire      #########.   1%          6    None
x - Force Lance           Conj/Tloc      ########     0%          4    None
z - Fireball              Conj/Fire      #########.   0%          5    None


Dungeon Overview and Level Annotations

Branches:
Dungeon (15/15)            Temple (1/1) D:4            Lair (8/8) D:8
 Shoals (5/5) Lair:5        Snake (5/5) Lair:4        Slime (0/6) Lair:6
    Orc (4/4) D:9             Elf (2/3) Orc:4        Vaults (5/5) D:13
  Crypt (0/3) Vaults:3     Depths (5/5) D:15
    Zot: Depths:5

Altars:
Ashenzari
Cheibriados
Dithmenos
Elyvilon
Fedhas
Gozag
Kikubaaqudgha
Makhleb
Nemelex Xobeh
Okawaru
Qazlal
Ru
Sif Muna
Trog
Vehumet
Xom
Yredelemnul
Zin
The Shining One

Shops:
D:4 ?   D:11 }   D:14 [   Orc:2 *   Orc:3 ?   Orc:4 *=*?   Shoals:5 (}*%
Vaults:2 [   Vaults:4 *   Depths:5 *

Portals:
Hell: Lair:8 Depths:1 Depths:2 Depths:3
Pandemonium: Depths:2 Depths:3
Ziggurat: Depths:3
Trove: Vaults:2 (give 2 scrolls of acquirement)


Message History

Drink which item? (? for menu, Esc to quit)
You feel much better. Something completely misses you. Something bites you!
* * * LOW HITPOINT WARNING * * *
Something draws strength from your injuries!
Put on which piece of jewellery? (? for menu, Esc to quit)
Okay, then.
Use which ability? (? or * to list)
You channel some magical energy.
You feel somewhat less full. Something hits you but does no damage.
Something bites you!
* * * LOW HITPOINT WARNING * * *
Something draws strength from your injuries!
Casting: Ring of Flames
Confirm with . or Enter, or press ? or * to list all spells.
Okay, then.
Use which ability? (? or * to list)
You channel some magical energy.
You feel somewhat less full. Something hits you!!
* * * LOW HITPOINT WARNING * * *
Something bites you!
You die... #######.# #@{.....# #########

There were no monsters in sight!

Vanquished Creatures
  A player illusion (Depths:4)
  Margery (Vaults:4)
  A caustic shrike (Depths:3)
  Mara (Depths:4)
  Xtahua (Vaults:4)
  the Enchantress (Depths:1)
  A bone dragon (Vaults:3)
  2 tentacled monstrosities
  A lich (Depths:2)
  7 sphinxes
  A kraken (Shoals:3)
  2 storm dragons
  Frances (Snake:5)
  4 tengu reavers
  A shadow dragon (Depths:3)
  12 fire giants
  Ilsuiw (Shoals:5)
  10 greater nagas
  Donald (Shoals:5)
  10 frost giants
  2 iron dragons
  8 vault wardens
  Jorgrun (Vaults:4)
  5 spriggan defenders
  14 emperor scorpions
  17 ironheart preservers
  8 very ugly things
  The ghost of faibistes the Eclecticist, a powerful DEWz of Sif Muna (Orc:4)
  22 stone giants
  A deep elf demonologist (Vaults:2)
  2 deep elf annihilators
  3 dire elephants (Depths:2)
  The ghost of faibistes the Thaumaturge, a powerful DEWz of Sif Muna (Lair:7)
  10 merfolk javelineers
  A deep elf death mage (Elf:2)
  7 merfolk impalers
  3 jiangshi (Depths:3)
  4 vault guards
  A minotaur (Depths:2)
  12 ettins
  A deep elf high priest (Elf:1)
  10 fire dragons
  5 great orbs of eyes
  17 yaktaur captains
  Fannar (Elf:1)
  11 ice dragons
  9 hydras
  7 spriggan air magi
  14 naga warriors
  23 ogre magi
  6 rakshasas
  4 merfolk aquamancers (Shoals:5)
  3 merfolk avatars
  20 anacondas
  7 deep troll earth magi
  3 alligator snapping turtles
  12 dancing weapons (Elf:2)
  A satyr (Shoals:3)
  2 catoblepae
  An anaconda (shapeshifter) (Depths:5)
  2 deep troll shamans
  6 centaur warriors
  An orc high priest (Orc:2)
  20 death yaks
  6 tengu warriors
  2 vampire magi
  5 spriggan berserkers
  13 naga sharpshooters
  9 shock serpents
  7 hell knights
  Nergalle (D:14)
  25 deep elf knights
  2 shadow wraiths
  A hell beast (Lair:8)
  3 unseen horrors
  4 skeletal warriors (D:13)
  5 fire crabs
  10 salamander mystics
  5 giant orange brains
  34 deep trolls
  19 ironbrand convokers
  A fire crab (shapeshifter) (Depths:1)
  9 orc knights
  12 sea snakes
  6 necromancers
  8 naga ritualists
  An anubis guard (shapeshifter) (Depths:2)
  A tengu zombie (Vaults:4)
  10 deep elf summoners
  9 hill giants
  A torturous demonspawn (Depths:3)
  A wolf spider zombie (D:15)
  3 orc sorcerers
  2 sphinx zombies
  An orb spider (shapeshifter) (Vaults:1)
  4 lindwurms (Snake:5)
  7 deep elf conjurers
  2 flayed ghosts
  25 harpies
  3 wolf spiders
  6 wizards
  13 mana vipers
  20 griffons
  57 ugly things
  A mana viper (shapeshifter) (Vaults:3)
  2 phantasmal warriors
  25 salamanders
  6 water nymphs
  A salamander (shapeshifter) (D:13)
  12 fauns
  15 manticores
  A hornet (shapeshifter) (Depths:4)
  2 hornets
  3 centaur zombies
  9 guardian serpents
  A guardian serpent (shapeshifter) (Depths:1)
  2 frost giant skeletons
  9 cyclopes
  14 sirens
  11 elephants
  9 vault sentinels
  A kobold demonologist (D:11)
  5 torpor snails
  A gargoyle (D:13)
  5 orange demons
  20 spiny frogs
  A black mamba (shapeshifter) (Vaults:4)
  A smoke demon (Depths:2)
  29 naga magi
  37 yaktaurs
  Psyche (D:11)
  51 black mambas
  A queen ant (Lair:6)
  An efreet (D:15)
  8 freezing wraiths
  A hellion (Depths:3)
  13 komodo dragons
  A demonic crawler (Elf:1)
  4 red devils
  4 fire drakes
  47 merfolk
  A troll (shapeshifter) (Depths:2)
  3 polar bears (D:12)
  A hellwing (Lair:8)
  A wind drake (Shoals:3)
  3 blue devils
  3 tengu conjurers
  A jumping spider (shapeshifter) (Vaults:2)
  18 deep elf priests
  A slime creature (shapeshifter) (Vaults:3)
  Prince Ribbit (D:5)
  3 human simulacra
  14 trolls
  A raiju (shapeshifter) (Depths:2)
  A wolf spider simulacrum (D:12)
  12 ravens
  3 boulder beetles
  33 slime creatures
  29 two-headed ogres
  30 deep elf magi
  A frost giant simulacrum (Vaults:3)
  10 snapping turtles
  19 blink frogs
  5 basilisks (Lair:6)
  A tarantella (Vaults:2)
  2 air elementals (Depths:4)
  36 yaks
  15 water elementals
  2 shadows
  A tarantella (shapeshifter) (Vaults:4)
  A trapdoor spider (shapeshifter) (D:15)
  An ettin skeleton (Vaults:4)
  A blink frog (shapeshifter) (Vaults:4)
  4 spriggans
  21 humans
  A hippogriff (shapeshifter) (Vaults:3)
  A vampire (Depths:2)
  12 redbacks
  2 hungry ghosts
  21 deep elf fighters
  16 hippogriffs
  7 wyverns
  63 nagas
  4 wargs
  A neqoxec (Depths:3)
  9 soldier ants
  35 water moccasins
  5 mottled dragons
  23 vampire mosquitoes
  14 porcupines
  7 wolves
  3 hell hounds
  A trapdoor spider simulacrum (D:12)
  6 sky beasts
  3 wasps
  2 human zombies
  An ice beast (shapeshifter) (Vaults:2)
  33 orc warriors
  10 ice beasts
  6 phantoms
  6 boggarts
  81 ogres
  2 black bears
  12 centaurs
  3 ettin simulacra
  3 human skeletons
  4 big kobolds
  A boring beetle (shapeshifter) (Vaults:4)
  4 boring beetles
  13 crocodiles
  33 giant frogs
  A wyvern skeleton (D:6)
  16 killer bees
  5 scorpions
  5 wights (D:8)
  4 lava snakes (Snake:2)
  3 electric eels
  A goliath beetle (D:4)
  3 giant frog zombies
  2 vampire bats (Lair:5)
  36 orc priests
  A quasit (D:6)
  4 gnoll shamans (D:8)
  3 giant frog skeletons
  6 crimson imps
  3 hell rats (Elf:1)
  8 jellies
  19 iguanas
  13 hounds
  5 centaur skeletons
  28 orc wizards
  A boulder beetle simulacrum (Vaults:1)
  A giant frog simulacrum (D:12)
  21 sheep
  17 worker ants
  A hound zombie (D:7)
  2 elf simulacra (Vaults:1)
  3 hound skeletons
  A mummy (D:11)
  A river rat (shapeshifter) (Depths:1)
  44 adders
  20 gnolls
  69 river rats
  5 shadow imps
  A white imp (D:12)
  2 giant mites
  4 ufetubi (D:12)
  An adder skeleton (D:5)
  5 giant geckos
  3 oozes
  185 orcs
  5 ball pythons
  22 bats
  A bat zombie (D:4)
  8 giant cockroaches
  22 goblins
  28 hobgoblins
  12 jackals
  14 quokkas
  3 giant newts
  A jackal zombie (D:9)
  17 kobolds
  20 rats
  6 fungi
  11 plants
2527 creatures vanquished.

Vanquished Creatures (collateral kills)
  A death yak (Depths:2)
  2 jackals (D:1)
3 creatures vanquished.

Vanquished Creatures (others)
  A very ugly thing (Vaults:3)
  An anaconda (Snake:5)
  A deep elf knight (Elf:1)
  A deep elf summoner (Elf:1)
  A black mamba (Snake:5)
  34 fire vortices
  A deep elf fighter (Elf:1)
  A hell hound (Lair:8)
  A worker ant (D:8)
  19 fungi
  13 plants
  4 tentacles (Shoals:3)
  3 tentacle segments (Shoals:3)
81 creatures vanquished.

Grand Total: 2611 creatures vanquished

Notes
Turn   | Place    | Note
--------------------------------------------------------------
     0 | D:1      | faibistes, the Deep Elf Wizard, began the quest for the Orb.
     0 | D:1      | Reached XP level 1. HP: 10/10 MP: 6/6
   395 | D:1      | Reached XP level 2. HP: 15/15 MP: 2/10
   402 | D:1      | Learned a level 2 spell: Blink
   405 | D:1      | Learned a level 2 spell: Call Imp
   923 | D:1      | Reached skill level 5 in Spellcasting
  1012 | D:1      | Reached XP level 3. HP: 19/19 MP: 11/14
  1017 | D:1      | Learned a level 3 spell: Conjure Flame
  1021 | D:1      | Learned a level 3 spell: Mephitic Cloud
  1503 | D:3      | Found a stormy altar of Qazlal.
  1659 | D:2      | Found a glowing golden altar of the Shining One.
  2008 | D:2      | Reached XP level 4. HP: 24/24 MP: 12/17
  2012 | D:2      | Learned a level 2 spell: Repel Missiles
  2328 | D:5      | Entered Level 5 of the Dungeon
  2841 | D:2      | Found a shimmering altar of Xom.
  3243 | D:3      | Reached XP level 5. HP: 28/28 MP: 20/20
  3244 | D:3      | Noticed a centaur
  3254 | D:3      | Killed a centaur
  3254 | D:3      | Reached skill level 6 in Spellcasting
  3381 | D:4      | Noticed an ogre
  3406 | D:4      | Killed an ogre
  3406 | D:4      | Reached XP level 6. HP: 32/32 MP: 17/22
  3410 | D:4      | Found a snail-covered altar of Cheibriados.
  3647 | D:3      | Found a bloodstained altar of Trog.
  3983 | D:4      | Reached skill level 1 in Evocations
  4056 | D:4      | Found a staircase to the Ecumenical Temple.
  4066 | Temple   | Entered the Ecumenical Temple
  4329 | Temple   | Became a worshipper of Sif Muna the Loreminder
  4378 | D:4      | Reached skill level 1 in Air Magic
  4442 | D:4      | Reached skill level 7 in Spellcasting
  4459 | D:5      | Noticed a centaur
  4470 | D:5      | Killed a centaur
  4470 | D:5      | Reached skill level 1 in Fire Magic
  4470 | D:5      | Reached XP level 7. HP: 31/37 MP: 17/25
  4558 | D:4      | Found an ancient bone altar of Kikubaaqudgha.
  4670 | D:4      | Noticed an ogre
  4677 | D:4      | Killed an ogre
  4677 | D:4      | Reached skill level 1 in Poison Magic
  4929 | D:4      | Acquired Sif Muna's first power
  5136 | D:4      | Found Kloacep's Magic Scroll Shoppe.
  5139 | D:4      | Bought a scroll of teleportation for 42 gold pieces
  5139 | D:4      | Bought a scroll of remove curse for 42 gold pieces
  5703 | D:5      | Reached skill level 5 in Conjurations
  6272 | D:5      | Found an iron altar of Okawaru.
  6279 | D:5      | Noticed Prince Ribbit
  6409 | D:5      | Reached XP level 8. HP: 42/42 MP: 25/27
  6636 | D:5      | Killed Prince Ribbit
  6636 | D:5      | Reached skill level 8 in Spellcasting
  6895 | D:6      | Acquired Sif Muna's second power
  7047 | D:6      | Reached skill level 5 in Dodging
  7184 | D:7      | Got a faintly glowing dagger
  7191 | D:7      | Identified the +8 dagger of the Wraith {holy, +Inv rElec rC+ MR+ Stlth+} (You found it on level 7 of the Dungeon)
  7243 | D:6      | Reached skill level 1 in Fighting
  7438 | D:6      | Reached skill level 1 in Charms
  7438 | D:6      | Reached skill level 1 in Invocations
  7590 | D:6      | Found an opulent altar of Gozag.
  7722 | D:6      | Reached XP level 9. HP: 42/47 MP: 26/29
  7927 | D:6      | Found a glowing silver altar of Zin.
  7933 | D:6      | Found a sacrificial altar of Ru.
  7934 | D:6      | Found a radiant altar of Vehumet.
  7935 | D:6      | Found a sparkling altar of Nemelex Xobeh.
  7935 | D:6      | Found a white marble altar of Elyvilon.
  8277 | D:6      | Reached skill level 9 in Spellcasting
  9409 | D:7      | Reached skill level 5 in Fire Magic
  9555 | D:7      | Learned a level 5 spell: Fireball
  9561 | D:7      | Learned a level 5 spell: Ignite Poison
  9846 | D:7      | Reached skill level 1 in Transmutations
 10594 | D:10     | Entered Level 10 of the Dungeon
 10653 | D:9      | Reached XP level 10. HP: 55/55 MP: 31/31
 11253 | D:10     | Acquired Sif Muna's third power
 11351 | D:10     | Reached skill level 10 in Spellcasting
 11542 | D:9      | Reached skill level 5 in Charms
 11803 | D:8      | Found a staircase to the Lair.
 12877 | D:8      | Reached skill level 5 in Invocations
 13024 | D:8      | Learned a level 6 spell: Bolt of Fire
 13814 | D:9      | Found a staircase to the Orcish Mines.
 13853 | D:9      | Got a crude hat
 13864 | D:9      | Identified the +2 hat of the Untouchables {+Fly} (You found it on level 9 of the Dungeon)
 13873 | D:9      | Reached XP level 11. HP: 60/60 MP: 32/32
 14471 | Lair:1   | Entered Level 1 of the Lair of Beasts
 14527 | Lair:1   | Noticed an eight-headed hydra
 14534 | Lair:1   | Killed an eight-headed hydra
 14828 | Lair:1   | Reached skill level 11 in Spellcasting
 15951 | Lair:4   | Found a shadowy altar of Dithmenos.
 16312 | Lair:2   | Reached skill level 5 in Fighting
 16893 | Lair:3   | Reached skill level 5 in Translocations
 16918 | Lair:3   | Noticed a five-headed hydra
 16929 | Lair:3   | Killed a five-headed hydra
 16939 | Lair:3   | Reached XP level 12. HP: 58/68 MP: 4/34
 16952 | Lair:3   | Learned a level 4 spell: Leda's Liquefaction
 17906 | Lair:3   | Reached skill level 1 in Earth Magic
 17996 | Lair:4   | Received a gift from Sif Muna
 17996 | Lair:4   | Reached skill level 5 in Evocations
 17997 | Lair:4   | Identified Sif Muna's Almanac of Combat Magic and Flames (Sif Muna gifted it to you on level 4 of the Lair of Beasts)
 18300 | Lair:4   | Reached skill level 12 in Spellcasting
 19071 | Lair:4   | Found a staircase to the Snake Pit.
 19314 | Lair:4   | Identified a scroll of acquirement
 19421 | Lair:2   | Learned a level 5 spell: Lee's Rapid Deconstruction
 19711 | Lair:4   | Noticed a six-headed hydra
 19716 | Lair:4   | Killed a six-headed hydra
 19951 | Lair:5   | Found a staircase to the Shoals.
 21988 | Lair:5   | Noticed a five-headed hydra
 21992 | Lair:5   | Killed a five-headed hydra
 22137 | Lair:6   | Reached XP level 13. HP: 74/74 MP: 27/36
 22458 | Lair:5   | Received a gift from Sif Muna
 22458 | Lair:5   | Reached skill level 13 in Spellcasting
 22459 | Lair:5   | Identified Vaxzyfisch's Catalogue of Igneous Attacks (Sif Muna gifted it to you on level 5 of the Lair of Beasts)
 23859 | Lair:6   | Reached skill level 5 in Earth Magic
 24160 | Lair:6   | Found a staircase to the Slime Pits.
 24970 | Lair:2   | Learned a level 6 spell: Haste
 25371 | Lair:6   | Found a shadowy altar of Dithmenos.
 26078 | Lair:7   | Noticed faibistes' ghost (powerful DEWz)
 26323 | Lair:7   | Killed faibistes' ghost
 27165 | Lair:7   | Reached XP level 14. HP: 80/80 MP: 19/37
 27317 | Lair:8   | Entered Level 8 of the Lair of Beasts
 27891 | Lair:7   | Reached skill level 14 in Spellcasting
 28566 | Lair:8   | Received a gift from Sif Muna
 28569 | Lair:8   | Identified Lehudib's Compendium of Earth and Confrontation (Sif Muna gifted it to you on level 8 of the Lair of Beasts)
 28881 | Lair:2   | Noticed a four-headed hydra
 28885 | Lair:2   | Killed a four-headed hydra
 28928 | Lair:2   | Learned a level 6 spell: Deflect Missiles
 30560 | Lair:8   | Found a burning altar of Makhleb.
 30676 | Lair:8   | Reached skill level 10 in Fire Magic
 31249 | Lair:8   | Reached skill level 10 in Charms
 31420 | Lair:8   | Found a gateway to Hell.
 31862 | Orc:1    | Entered Level 1 of the Orcish Mines
 32755 | Orc:4    | Entered Level 4 of the Orcish Mines
 34233 | Orc:2    | Found Traov's Assorted Antiques.
 34249 | Orc:2    | Bought a diamond ring for 155 gold pieces
 34531 | Orc:3    | Found Fraxil's Magic Scroll Boutique.
 34545 | Orc:3    | Bought a scroll of blinking for 120 gold pieces
 34545 | Orc:3    | Bought a scroll of teleportation for 48 gold pieces
 35035 | Orc:4    | Reached skill level 10 in Invocations
 35573 | Orc:4    | Noticed faibistes' ghost (powerful DEWz)
 35587 | Orc:4    | Killed faibistes' ghost
 35600 | Orc:4    | Reached skill level 15 in Spellcasting
 35796 | Orc:4    | Reached XP level 15. HP: 88/88 MP: 26/39
 35983 | Orc:4    | Found a staircase to the Elven Halls.
 35989 | Orc:4    | Found Ahonaced's Magic Scroll Shop.
 35994 | Orc:3    | Received a gift from Sif Muna
 35995 | Orc:3    | Identified Sif Muna's Almanac of Conjuration (Sif Muna gifted it to you on level 3 of the Orcish Mines)
 36725 | Orc:4    | Found Critar's General Store.
 36730 | Orc:4    | Found Huoher Orao's Assorted Antiques.
 36734 | Orc:4    | Bought a scroll of summoning for 152 gold pieces
 36744 | Orc:4    | Found Shraseoc's Jewellery Boutique.
 37582 | Orc:3    | Bought a scroll of acquirement for 832 gold pieces
 37585 | Orc:3    | Identified the Catalogue of Helpful Confrontation (You acquired it on level 3 of the Orcish Mines)
 37637 | Orc:4    | Bought a scroll of amnesia for 52 gold pieces
 37647 | Orc:4    | Learned a level 5 spell: Iskenderun's Battlesphere
 37649 | Orc:4    | Learned a level 1 spell: Magic Dart
 37663 | Elf:1    | Entered Level 1 of the Elven Halls
 37993 | Lair:2   | Learned a level 4 spell: Iskenderun's Mystic Blast
 38541 | Elf:1    | Noticed Fannar
 38545 | Elf:1    | Killed Fannar
 38737 | Elf:1    | Reached skill level 10 in Dodging
 39010 | Elf:1    | Got a coiled lead ring
 39448 | Elf:1    | Reached skill level 10 in Conjurations
 41298 | Elf:2    | Found a huge runed gate.
 41298 | Elf:2    | Found a huge runed gate.
 41298 | Elf:2    | Found a huge runed gate.
 41689 | Elf:2    | Identified the ring of Edyumatu {+Blink rN+ MR+ Str+3 Slay-3} (You took it off a deep elf priest on level 1 of the Elven Halls)
 41720 | Elf:2    | Received a gift from Sif Muna
 41720 | Elf:2    | Reached skill level 16 in Spellcasting
 41726 | Elf:2    | HP: 2/89 [deep elf knight/scimitar (15)]
 42050 | Elf:2    | Reached skill level 10 in Earth Magic
 42413 | Elf:2    | Identified Sif Muna's Grimoire of Torrid Attacks (Sif Muna gifted it to you on level 2 of the Elven Halls)
 42420 | Elf:2    | Learned a level 4 spell: Force Lance
 42520 | Elf:2    | Reached XP level 16. HP: 87/94 MP: 24/40
 43140 | Lair:2   | Learned a level 5 spell: Ignite Poison
 43241 | Snake:1  | Entered Level 1 of the Snake Pit
 45380 | Snake:2  | Found a shimmering altar of Xom.
 46209 | Snake:4  | Received a gift from Sif Muna
 46264 | Snake:3  | Reached skill level 17 in Spellcasting
 48197 | Snake:5  | Entered Level 5 of the Snake Pit
 48941 | Snake:4  | Received a gift from Sif Muna
 48942 | Snake:4  | Identified Iskenderun's Papyrus of Confrontation (Sif Muna gifted it to you on level 4 of the Snake Pit)
 49470 | Snake:4  | Reached XP level 17. HP: 67/100 MP: 4/41
 51013 | Snake:5  | Noticed Frances
 51017 | Snake:5  | Killed Frances
 52049 | Snake:5  | Received a gift from Sif Muna
 52052 | Snake:5  | Reached skill level 18 in Spellcasting
 52055 | Snake:5  | Identified Azxehunk's Disquisition on Warped Boosts (Sif Muna gifted it to you on level 5 of the Snake Pit)
 52857 | Snake:5  | Found a shadowy altar of Dithmenos.
 54611 | Snake:5  | Received a gift from Sif Muna
 54655 | Snake:5  | Reached XP level 18. HP: 34/107 MP: 0/43
 54799 | Snake:5  | Identified Sif Muna's Almanac of Enhancements and Translocation (Sif Muna gifted it to you on level 5 of the Snake Pit)
 55500 | Snake:5  | Got a serpentine rune of Zot
 55754 | Lair:2   | Learned a level 7 spell: Ring of Flames
 55763 | Lair:2   | Learned a level 6 spell: Iron Shot
 55874 | Shoals:1 | Entered Level 1 of the Shoals
 56716 | Shoals:1 | Reached skill level 10 in Fighting
 57827 | Shoals:2 | Reached skill level 1 in Throwing
 58188 | Shoals:2 | You fall through a shaft for 2 floors!
 58218 | Shoals:3 | Reached skill level 19 in Spellcasting
 58687 | Shoals:1 | You fall through a shaft!
 59546 | Shoals:3 | Received a gift from Sif Muna
 59547 | Shoals:3 | Identified Sif Muna's Incunabulum of Dusty Dislocation (Sif Muna gifted it to you on level 3 of the Shoals)
 60905 | Shoals:5 | Entered Level 5 of the Shoals
 61129 | Shoals:5 | Noticed Donald
 61136 | Shoals:5 | Killed Donald
 61326 | Shoals:5 | Found Vioghinn's Antique Weapon Emporium.
 62497 | Lair:2   | Learned a level 6 spell: Poisonous Cloud
 63156 | Shoals:5 | Found Cathaukaga's Gadget Shoppe.
 63161 | Shoals:5 | Found Jifieskic's Assorted Antiques.
 63170 | Shoals:5 | Bought a potion of heal wounds for 145 gold pieces
 63191 | Shoals:5 | Reached XP level 19. HP: 35/112 MP: 28/44
 63319 | Shoals:5 | Found Ykkonef's Food Boutique.
 63834 | Shoals:5 | Noticed Ilsuiw
 63844 | Shoals:5 | Killed Ilsuiw
 63844 | Shoals:5 | Received a gift from Sif Muna
 64550 | Shoals:5 | Got a barnacled rune of Zot
 66123 | D:11     | Noticed Psyche
 66140 | D:11     | Killed Psyche
 66486 | D:11     | Noticed a manticore
 66488 | D:11     | Killed a manticore
 66489 | D:11     | Noticed a cyclops
 66489 | D:11     | Found Sigiohuring's Gadget Boutique.
 66492 | D:11     | Killed a cyclops
 66620 | D:11     | Noticed a brown ugly thing
 66620 | D:11     | Noticed a cyclops
 66623 | D:11     | Killed a brown ugly thing
 66626 | D:11     | Killed a cyclops
 67396 | D:11     | Noticed a cyclops
 67400 | D:11     | Killed a cyclops
 68784 | D:13     | Reached skill level 20 in Spellcasting
 69331 | D:12     | Received a gift from Sif Muna
 70608 | D:13     | Found a gate to the Vaults.
 70970 | D:15     | Entered Level 15 of the Dungeon
 71416 | D:14     | Noticed Nergalle
 71418 | D:14     | Killed Nergalle
 71576 | D:14     | Reached skill level 15 in Earth Magic
 71693 | D:14     | Found Rogosoar's Armour Shop.
 72531 | D:15     | Found a shattered altar of Ashenzari.
 73411 | D:15     | Reached skill level 10 in Translocations
 73521 | D:15     | Found a staircase to the Depths.
 74179 | Lair:2   | Learned a level 7 spell: Controlled Blink
 74393 | Vaults:1 | Entered Level 1 of the Vaults
 74480 | Vaults:1 | Reached XP level 20. HP: 98/119 MP: 30/45
 74831 | Vaults:1 | Received a gift from Sif Muna
 74831 | Vaults:1 | Reached skill level 15 in Conjurations
 74833 | Vaults:1 | Identified Sif Muna's Handbook of Aid and Translocation (Sif Muna gifted it to you on level 1 of the Vaults)
 75156 | Vaults:1 | Reached skill level 15 in Fire Magic
 76657 | Vaults:1 | Identified the Incunabulum of Combat Magic (You acquired it on level 1 of the Vaults)
 78408 | Vaults:3 | Received a gift from Sif Muna
 78409 | Vaults:3 | Identified Mevul's Compendium of Blistering Conjuration (Sif Muna gifted it to you on level 3 of the Vaults)
 79560 | Vaults:2 | Reached skill level 21 in Spellcasting
 79819 | Vaults:2 | Found a portal to a secret trove of treasure.
 80552 | Vaults:2 | Reached XP level 21. HP: 118/124 MP: 2/46
 81027 | Vaults:2 | Found Stroopp's Armour Shoppe.
 81115 | Vaults:3 | Received a gift from Sif Muna
 83682 | Vaults:3 | Found a staircase to the Crypt.
 84664 | Vaults:4 | Found Unounlusm's General Store.
 84739 | Vaults:4 | Received a gift from Sif Muna
 84741 | Vaults:4 | Identified Sif Muna's Incunabulum of Stones and Shape Shifting (Sif Muna gifted it to you on level 4 of the Vaults)
 84761 | Vaults:4 | Learned a level 8 spell: Lehudib's Crystal Spear
 84891 | Vaults:4 | Noticed Xtahua
 84895 | Vaults:4 | Killed Xtahua
 85551 | Vaults:4 | Noticed Margery
 85559 | Vaults:4 | Killed Margery
 85840 | Vaults:4 | Reached skill level 22 in Spellcasting
 86068 | Vaults:5 | Entered Level 5 of the Vaults
 86413 | Vaults:4 | Reached XP level 22. HP: 132/132 MP: 39/47
 86425 | Vaults:4 | Received a gift from Sif Muna
 86428 | Vaults:4 | Identified Sif Muna's Grimoire of Excruciating Envenoming (Sif Muna gifted it to you on level 4 of the Vaults)
 86809 | Vaults:4 | Noticed Jorgrun
 86811 | Vaults:4 | Killed Jorgrun
 88062 | Depths:1 | Entered Level 1 of the Depths
 88699 | Depths:1 | Noticed the Enchantress
 89456 | Depths:1 | Killed the Enchantress
 89485 | Depths:1 | Got a faerie dragon armour
 89596 | Depths:1 | Identified the +2 faerie dragon armour {rF+ Dex+2} (You took it off the Enchantress on level 1 of the Depths)
 90230 | Depths:1 | Received a gift from Sif Muna
 90231 | Depths:1 | Identified Sif Muna's Almanac of Confrontation (Sif Muna gifted it to you on level 1 of the Depths)
 91219 | Depths:2 | Found a one-way gate leading to the halls of Pandemonium.
 91717 | Depths:3 | Noticed a caustic shrike
 91835 | Depths:3 | Killed a caustic shrike
 92611 | Depths:2 | Received a gift from Sif Muna
 92612 | Depths:2 | Identified Sif Muna's Grimoire of Conjuration and Flames (Sif Muna gifted it to you on level 2 of the Depths)
 92702 | Depths:2 | Learned a level 9 spell: Fire Storm
 92804 | Depths:2 | Reached XP level 23. HP: 138/138 MP: 34/47
 93765 | Depths:2 | Reached skill level 23 in Spellcasting
 94685 | Depths:2 | Received a gift from Sif Muna
 94687 | Depths:2 | Identified Iskenderun's Grimoire of Flying Conjuration (Sif Muna gifted it to you on level 2 of the Depths)
 96089 | Depths:3 | Reached XP level 24. HP: 142/144 MP: 48/48
 97122 | Depths:3 | Found a gateway to a ziggurat.
 97487 | Depths:3 | Received a gift from Sif Muna
 97488 | Depths:3 | Identified Sif Muna's Almanac of Confrontation and the Arsonist (Sif Muna gifted it to you on level 3 of the Depths)
 99881 | Depths:5 | Entered Level 5 of the Depths
100029 | Depths:5 | Found a glowing golden altar of the Shining One.
100029 | Depths:5 | Found Ruvievva's Hallowed Reliquary.
100956 | Depths:4 | Reached XP level 25. HP: 150/150 MP: 17/49
100982 | Depths:4 | Noticed Mara
101272 | Depths:4 | Received a gift from Sif Muna
101275 | Depths:4 | Identified Iskenderun's Compendium of Arcane Weapons (Sif Muna gifted it to you on level 4 of the Depths)
101450 | Depths:4 | Noticed faibistes' illusion
101451 | Depths:4 | Killed faibistes' illusion
101453 | Depths:4 | Killed Mara
101471 | Depths:5 | Slain by a vampire knight

Action                   |  1- 3 |  4- 6 |  7- 9 | 10-12 | 13-15 | 16-18 | 19-21 | 22-24 | 25-27 || total
-------------------------+-------+-------+-------+-------+-------+-------+-------+-------+-------++-------
Melee: Unarmed           |     1 |       |       |       |       |       |       |       |       ||     1
       Dagger            |    10 |     3 |    42 |    47 |       |    17 |       |       |       ||   119
       Staff             |       |       |       |     9 |     6 |     3 |     9 |     2 |       ||    29
 Cast: Magic Dart        |    95 |   140 |   482 |   139 |    28 |       |       |       |       ||   884
       Call Imp          |     4 |       |     1 |       |       |       |       |       |       ||     5
       Mephitic Cloud    |     1 |     9 |    21 |    13 |     6 |       |       |       |       ||    50
       Repel Missiles    |       |     1 |     2 |       |       |       |       |       |       ||     3
       Conjure Flame     |       |       |    24 |    43 |    13 |     2 |       |       |       ||    82
       Blink             |       |       |     5 |    32 |    43 |    13 |       |       |       ||    93
       Fireball          |       |       |     5 |   256 |   474 |   263 |   218 |    59 |       ||  1275
       Ignite Poison     |       |       |       |    31 |    44 |    82 |       |       |       ||   157
       Bolt of Fire      |       |       |       |    12 |   122 |   288 |   322 |   212 |     8 ||   964
       Lee's Rapid Decon |       |       |       |     1 |    99 |    70 |   177 |   102 |     7 ||   456
       Deflect Missiles  |       |       |       |       |     2 |     9 |     2 |     3 |     1 ||    17
       Iskenderun's Myst |       |       |       |       |    29 |     3 |       |       |       ||    32
       Iskenderun's Batt |       |       |       |       |    10 |    19 |       |       |       ||    29
       Force Lance       |       |       |       |       |     2 |    95 |    31 |    20 |       ||   148
       Iron Shot         |       |       |       |       |       |    22 |    74 |       |       ||    96
       Ring of Flames    |       |       |       |       |       |    12 |    51 |    23 |     3 ||    89
       Poisonous Cloud   |       |       |       |       |       |     3 |    41 |     5 |       ||    49
       Haste             |       |       |       |       |       |     1 |     1 |     5 |       ||     7
       Controlled Blink  |       |       |       |       |       |       |     2 |     4 |       ||     6
       Lehudib's Crystal |       |       |       |       |       |       |     9 |    87 |       ||    96
       Fire Storm        |       |       |       |       |       |       |       |    19 |     4 ||    23
Invok: Channel Energy    |       |       |       |    34 |    84 |   129 |   121 |   132 |     5 ||   505
       Forget Spell      |       |       |       |       |     3 |     4 |     2 |     1 |       ||    10
Evoke: Wand              |       |       |       |     2 |     7 |    10 |       |     1 |     2 ||    22
  Use: Scroll            |       |     6 |    15 |    13 |    21 |    18 |     7 |     6 |     1 ||    87
       Potion            |       |       |       |       |     7 |     6 |     4 |     8 |     2 ||    27
 Stab: Sleeping          |       |     2 |     1 |       |       |       |       |       |       ||     3
       Confused          |       |       |     2 |     2 |       |       |       |       |       ||     4
       Distracted        |       |       |       |     1 |       |       |       |       |       ||     1
  Eat: Chunk             |     3 |     8 |    15 |    66 |    66 |    55 |    78 |    59 |       ||   350
       Bread ration      |       |       |     1 |       |       |       |       |     3 |       ||     4
       Fruit             |       |       |       |       |    16 |    30 |       |     3 |       ||    49
       Pizza             |       |       |       |       |     3 |     2 |     2 |     1 |       ||     8
       Meat ration       |       |       |       |       |     1 |       |       |     1 |       ||     2
       Beef jerky        |       |       |       |       |       |     5 |     7 |     1 |       ||    13
       Royal jelly       |       |       |       |       |       |       |     2 |     3 |       ||     5
